 Dungeon Crawl Stone Soup version 0.31.0-9-g3a7656b989 (webtiles) character file.

Game seed: 6548881379722519718

9 Kallu the Digger (level 2, -1/19 HPs)
             Began as a Vampire Earth Elementalist on Jan 29, 2024.
             Slain by a ball python (2 damage)
             ... on level 1 of the Dungeon.
             The game lasted 00:00:24 (167 turns).

Kallu the Digger (Vampire Earth Elementalist)        Turns: 167, Time: 00:00:24

Health: -1/19      AC:  2    Str:  7    XL:     2   Next: 6%
Magic:  0/5        EV:  9    Int: 17    God:
Gold:   21         SH:  0    Dex: 14    Spells: 4/5 levels left

rFire   . . .        (no weapon)
rCold   . . .        (no shield)
rNeg    . . .        a - +0 robe
rPois   .            (no helmet)
rElec   .            (no cloak)
rCorr   .            (no gloves)
SInv    +            (no boots)
Will    .....        (no amulet)
Stlth   ++           (no ring)
HPRegen 0.43/turn    (no ring)
MPRegen 0.09/turn

%: no passive effects
@: healing quickly, constricted
A: alive, fangs 3, see invisible, vampiric 1
a: Exsanguinate


You were on level 1 of the Dungeon.
You visited 1 branch of the dungeon, and saw 1 of its levels.

You collected 21 gold pieces.

Inventory:

Armour
 a - a +0 robe (worn)
Scrolls
 c - a scroll of revelation {unknown}
Potions
 b - a potion of magic
 d - a potion of haste {unknown}
 e - a potion of curing {unknown}


   Skills:
 - Level 2.1 Dodging
 - Level 3.0 Stealth
 - Level 2.0 Spellcasting
 - Level 0.6 Conjurations
 * Level 3.6 Earth Magic


You had 4 spell levels left.
You knew the following spells:

 Your Spells              Type           Power      Damage    Failure   Level
a - Sandblast             Erth           28%        2d8       4%          1

Your spell library contained the following spells:

 Spells                   Type           Power      Damage    Failure   Level
 Passwall                 Erth           14%        N/A       13%         3
 Stone Arrow              Conj/Erth      16%        3d8       24%         3
 Brom's Barrelling Bould  Conj/Erth      8%         2d3       63%         4
 Petrify                  Alch/Erth      7%         N/A       67%         4


Dungeon Overview and Level Annotations

Branches:
Dungeon (1/15)

Altars:


Innate Abilities, Weirdness & Mutations

Your natural rate of healing is accelerated.
You have razor-sharp teeth.
You have supernaturally acute eyesight. (SInv)
You are afflicted with vampirism.


Message History

You are out of magic!
You barely miss the rat. The rat closely misses you.
You barely miss the rat. The rat bites you.
You hit the rat but do no damage. You bite the rat.
The rat is heavily wounded.
The rat bites you but does no damage.
You barely miss the rat. You bite the rat.
You kill the rat!
You have reached level 2!
You barely miss the hobgoblin.
A ball python comes into view.
The hobgoblin hits you.
You hit the hobgoblin but do no damage. The hobgoblin hits you.
You closely miss the hobgoblin.
A ball python comes into view.
The hobgoblin hits you. The ball python bites you. The ball python grabs you.
The ball python constricts you.
The ball python moves out of view.
You hit the hobgoblin but do no damage. Your bite misses the hobgoblin.
The ball python bites you. The ball python constricts you.
The hobgoblin hits you.
* * * LOW HITPOINT WARNING * * *
Aiming: Sandblast (safe; 4% risk of failure)
Press: ? - help, Q - select action Shift-Dir - straight line, f - hobgoblin
Aim: a hobgoblin (82% to hit)
The blast of sand hits the hobgoblin!
You kill the hobgoblin!
The ball python bites you but does no damage.
The ball python constricts you. The ball python closely misses you.
The ball python constricts you.
* * * LOW HITPOINT WARNING * * *
The ball python bites you.
* * * LOW HITPOINT WARNING * * *
You barely miss the ball python.
The ball python bites you but does no damage.
The ball python constricts you.
* * * LOW HITPOINT WARNING * * *
The ball python barely misses you.
You barely miss the ball python. Your bite misses the ball python.
The ball python bites you.
You die...

.# ##.# ### ...# #..
...#####.###### ####
.......#......###..#
.......#...........#####.
..###..#..###.###S.......
.....#..##...#.S@#.†.##..
.....#...#...#...#g..#
....###..#...#..###..#
...#...#..###..#. #..#
#..#...#...#...#.. ...#
#.##...#...#..##... ..#
##..###.###..# ###. ##.
.#........... ..
.#..###.###.


You could see 2 ball pythons.

Vanquished Creatures
  A dart slug (D:1)
  A hobgoblin (D:1)
  2 quokkas (D:1)
  A ball python (D:1)
  A frilled lizard (D:1)
  A kobold (D:1)
  A rat (D:1)
8 creatures vanquished.

Notes
Turn   | Place    | Note
-------+----------+-------------------------------------------
     0 | D:1      | Kallu the Vampire Earth Elementalist began the quest for
                  | the Orb.
     0 | D:1      | Reached XP level 1. HP: 13/13 MP: 3/3
   161 | D:1      | Reached XP level 2. HP: 16/19 MP: 0/5
   167 | D:1      | Slain by a ball python

Illustrated notes

Levels and vault maps discovered:
D:1:      scummos_arrival_star, layout_basic,
          shapermc_ecumenical_altar_starsandcircs, nicolae_titane

Action                     || total
---------------------------++-------
  Melee: Unarmed           ||    10
         Bite              ||     2
   Cast: Sandblast         ||     8
 Armour: Robe              ||    14
  Dodge: Dodged            ||     4
